 Dungeon Crawl Stone Soup version 0.28-a0-1159-g27aa881441 (webtiles) character file.

Game seed: 17156506927079759384

9 spaghetti the Sneak (level 2, 0/19 HPs)
             Began as a Tengu Delver on Dec 15, 2021.
             Slain by a lemure (8 damage)
             ... led by Pikel
             ... on level 5 of the Dungeon.
             The game lasted 00:01:38 (547 turns).

spaghetti the Sneak (Tengu Delver)                   Turns: 547, Time: 00:01:39

Health: 0/19       AC:  3    Str: 11 (12) XL:     2   Next: 12%
Magic:  3/3        EV: 12    Int:  8 (10) God:
Gold:   27         SH:  0    Dex: 12 (15) Spells: 1/1 levels left

rFire   . . .      SeeInvis .   a - +0 falchion {long}
rCold   . . .      Faith    .   (no shield)
rNeg    . . .      Spirit   .   b - +0 leather armour
rPois   .          Reflect  .   (helmet restricted)
rElec   .          Harm     .   (no cloak)
rCorr   .          Rampage  .   (no gloves)
Will    .....                   (boots unavailable)
Stlth   +++.......              (no amulet)
HPRegen 0.06/turn               (no ring)
MPRegen 0.08/turn               (no ring)

@: hasted, very quick
A: beak, talons 3
a: no special abilities


You were on level 5 of the Dungeon.
You visited 1 branch of the dungeon, and saw 3 of its levels.

You collected 27 gold pieces.


Innate Abilities, Weirdness & Mutations

You have a beak for a mouth.
You have claws for feet.


   Skills:
 + Level 3.1 Fighting
 + Level 2.4 Long Blades
 + Level 2.4 Dodging
 + Level 5.1 Stealth


You had one spell level left.
You didn't know any spells.
Your spell library contained the following spells:

 Spells                   Type           Power      Damage    Failure   Level
 Ensorcelled Hibernation  Hex/Ice        0%         N/A       65%         2
 Tukima's Dance           Hex            0%         N/A       86%         3

Inventory:

Hand Weapons
 a - a +0 falchion (weapon) {long}
Missiles
 i - 38 stones (quivered) {throwing}
Armour
 b - a +0 leather armour (worn)
 h - a +0 cloak
   (You found it on level 5 of the Dungeon)
Scrolls
 c - a scroll of fog
 d - a scroll of magic mapping {!r}
Potions
 e - a potion of magic

Dungeon Overview and Level Annotations

Branches:
Dungeon (6/15)
 Temple: D:4-7

Altars:
The Shining One

Annotations:
D:5 3 runed translucent doors, Pikel; spaghetti's ghost, weakling OpDe

.#
##########.#
.#
...........#
.
######Z####
#. ##5## .#
##.## # #
##.## ##O##
##5## #@##
###


You could see an ogre, 2 lemures and a howler monkey skeleton.


Message History

You climb upwards.
There is a stone staircase leading down here.
Unknown command.
Unknown command.
Unknown command.
You start resting. 😎 HP[+17]
Your hp is fully restored (19).
You see here a +0 helmet.
You open the door.
There is an open door here.
You now have 27 gold pieces (gained 18).
Found a stone staircase leading down.
An adder skeleton comes into view.
You see here 2 viscous inky potions.
e - 2 viscous inky potions A quokka comes into view.
There is a stone staircase leading down here.
You climb downwards.
There is a stone staircase leading up here.
Unknown command.
Unknown command.
Unknown command.
Okay, then.
The ogre shouts!
A lemure comes into view.
A lemure comes into view.
The lemure shouts!
Pikel, Merchant of Souls comes into view.
He is wielding a +1 whip of flaming.
A lemure comes into view.
The adder hisses angrily.
A lemure comes into view.
Aiming: Dig
Press: ? - help, Shift-Dir - straight line A rock wall.
The rock shatters into small pieces.
Pikel shouts!
The lemure shouts! x2; You hear a shout!
Something shouts, "Escape, thou spongy crook-pated bounder!"
Okay, then.
It was a potion of magic.
Magic courses through your body. The lemure hits you but does no damage.
Unknown command.
Unknown command.
Okay, then.
The lemure barely misses you.
A hobgoblin zombie comes into view.
A zombie and a skeleton come into view.
An iron imp and a skeleton come into view.
Found 28 bolts.
Found a glowing golden altar of the Shining One.
The iron imp shouts!
An adder comes into view.
The hobgoblin zombie hits you but does no damage.
Something unseen opens the door.
Aiming: Dig
Press: ? - help, Shift-Dir - straight line A rock wall.
The rock shatters into small pieces.
An adder comes into view.
A howler monkey skeleton comes into view.
The helpless howler monkey skeleton fails to defend itself.
You slash the howler monkey skeleton!
The howler monkey skeleton hits you but does no damage.
You barely miss the howler monkey skeleton.
The howler monkey skeleton hits you. 😕 HP[-3]
You take 3 damage, and now have 16/19 hp.
Okay, then.
Okay, then.
Aiming: Dig
Press: ? - help, Shift-Dir - straight line A rock wall.
The rock shatters into small pieces.
The now-empty wand crumbles to dust.
The howler monkey skeleton hits you. 😮 HP[-3]
You take 3 damage, and now have 13/19 hp.
The howler monkey skeleton hits you. 😮 HP[-3]
You take 3 damage, and now have 10/19 hp.
Okay, then.
You feel yourself speed up. The lemure hits you.
* * * LOW HITPOINT WARNING * * *
😨 HP[-1]
You take 1 damage, and now have 9/19 hp.
You are too injured to fight recklessly!
You are too injured to fight recklessly!
You are too injured to fight recklessly!
You are too injured to fight recklessly!
You are too injured to fight recklessly!
You are too injured to fight recklessly!
You are too injured to fight recklessly!
You are too injured to fight recklessly!
You are too injured to fight recklessly!
Unknown command.
You completely miss the lemure. You claw the lemure. The lemure hits you.
* * * LOW HITPOINT WARNING * * *
😨 HP[-1]
You take 1 damage, and now have 8/19 hp.
You closely miss the lemure. The lemure hits you!
You die...

Action                   || total
-------------------------++-------
Melee: Falchion          ||    17
       Kick              ||     4
       Peck              ||     1
Evoke: Wand              ||     3
  Use: Potion            ||     3
       Scroll            ||     2
 Stab: Sleeping          ||     1
Armor: Leather armour    ||     5
Dodge: Dodged            ||    13

Levels and vault maps discovered:
D:4:      layout_gridville, uniq_blork_the_orc
D:5:      layout_loops_ring, nicolae_tso_besieged_by_evil,
          gammafunk_ghost_necromancy, minmay_checkerbox, uniq_pikel, uniq_edmund
D:6:      layout_gridville, mainiacjoe_overflow_chevrons,
          mainiacjoe_overflow_cross_hatched, mainiacjoe_overflow_boulevard,
          led_sif_pool, uniq_eustachio, uniq_maggie

Notes
Turn   | Place    | Note
-------+----------+-------------------------------------------
     0 | D:5      | spaghetti the Tengu Delver began the quest for the Orb.
     0 | D:5      | Reached XP level 1. HP: 14/14 MP: 2/2
     0 | D:5      | magus.rc [v1.9.6]
    36 | D:5      | You pick up a book of Maledictions and begin reading...
    36 | D:5      | You add the spells Ensorcelled Hibernation and Tukima's
                  | Dance to your library.
    45 | D:5      | Reached XP level 2. HP: 14/19 MP: 3/3
   140 | D:5      | HP: 2/19 [iguana (9)]
   441 | D:5      | Noticed an ogre
   444 | D:5      | Noticed a lemure
   445 | D:5      | Noticed a lemure
   445 | D:5      | Noticed Pikel
   446 | D:5      | Noticed a lemure
   447 | D:5      | Noticed a lemure
   480 | D:5      | Found a glowing golden altar of the Shining One.
   502 | D:5      | Found a runed translucent gate.
   502 | D:5      | Found a runed translucent gate.
   502 | D:5      | Found a runed translucent gate.
   502 | D:5      | Noticed spaghetti's ghost (weakling OpDe)
   547 | D:5      | Slain by a lemure

Vanquished Creatures
  An adder (D:5)
1 creature vanquished.

Table legend:
 A = Non-vault XP
 B = Vault XP
 C = Vault XP percentage of total XP
 D = Non-vault monster count
 E = Vault monster count
 F = Vault count percentage of total count
                 A         B        C        D         E       F
            +---------+---------+-------+---------+---------+-------
      Total |      13 |       0 |   0.0 |       1 |       0 |   0.0
            +---------+---------+-------+---------+---------+-------
        D:5 |      13 |       0 |   0.0 |       1 |       0 |   0.0
            +---------+---------+-------+---------+---------+-------

Illustrated notes

Table legend:
 A = Kills in this place as a percentage of kills in entire the game.
 B = Kills by you in this place as a percentage of kills by you in the entire game.
 C = Kills by friends in this place as a percentage of kills by friends in the entire game.
 D = Other kills in this place as a percentage of other kills in the entire game.
 E = Experience gained in this place as a percentage of experience gained in the entire game.
 F = Experience gained in this place divided by the number of levels of this place that you have seen.
                   A       B       C       D       E      F
               +-------+-------+-------+-------+-------+----------------------
         Total | 100.0 | 100.0 |   N/A |   N/A | 100.0 |   4.3
       Dungeon | 100.0 | 100.0 |   N/A |   N/A | 100.0 |   4.3
               +-------+-------+-------+-------+-------+----------------------

Table legend: (Time is in decaauts)
 A = Elapsed time spent in this place.
 B = Non-inter-level travel time spent in this place.
 C = Inter-level travel time spent in this place.
 D = Time resting spent in this place.
 E = Time spent auto-exploring this place.
 F = Levels seen in this place.
 G = Mean time per level.
                   A        B        C        D        E       F      G
               +--------+--------+--------+--------+--------+-----+--------+
         Total |    549 |    549 |      0 |    271 |    105 |   3 |  183.0 |
       Dungeon |    549 |    549 |      0 |    271 |    105 |   3 |  183.0 |
               +--------+--------+--------+--------+--------+-----+--------+

Top non-repeatable levels by time:
     D:4: 296 daAuts
     D:5: 231 daAuts
     D:6: 21 daAuts
